 Dungeon Crawl Stone Soup version 0.29.1-15-g9cfb28693d (webtiles) character file.

Game seed: 17840089775392498084

3927 BlackCrag the Basher (level 10, -4/88 HPs)
             Began as a Minotaur Fighter on Mar 13, 2023.
             Killed by divine providence
             ... invoked by a smoke demon
             ... summoned by a kobold demonologist
              (7 damage)
             ... in a bailey.
             The game lasted 00:31:00 (6821 turns).

BlackCrag the Basher (Minotaur Fighter)             Turns: 6821, Time: 00:31:02

Health: -4/88      AC: 13    Str: 25    XL:     10   Next: 1%
Magic:  9/9        EV:  5    Int: 10    God:
Gold:   335        SH:  9    Dex: 10    Spells: 9/9 levels left

rFire   . . .      SeeInvis .   a - +4 hand axe of Unpleasantness {flame, *Corrode rElec rN+ Int+5}
rCold   + . .      Faith    .   t - +0 kite shield
rNeg    + . .      Spirit   .   w - +0 plate armour
rPois   +          Reflect  .   z - +1 hat {Will+}
rElec   +          Harm     .   (no cloak)
rCorr   .          Rampage  .   (no gloves)
Will    +....                   l - +2 pair of boots
Stlth   ..........              (no amulet)
HPRegen 0.24/turn               k - ring of protection from cold
MPRegen 0.11/turn               q - ring of poison resistance

@: spiked, corroded
A: horns 2, retaliatory headbutt
a: no special abilities


You were in a bailey.
You visited 1 branch of the dungeon, and saw 7 of its levels.
You also visited: Sewer and Bailey.

You collected 335 gold pieces.

Inventory:

Hand Weapons
 a - the +4 hand axe of Unpleasantness (weapon) {flame, *Corrode rElec rN+ Int+5}
   (You took it off an orc warrior in a bailey)

   It burns those it strikes, dealing additional fire damage.
   Big, fiery blades are also staple armaments of hydra-hunters.
   Int:       It affects your intelligence (+5).
   rElec:     It insulates you from electricity.
   rN:        It protects you from negative energy.
   *Corrode:  It may corrode you when you take damage.
 D - a +4 dire flail of freezing
 E - a +0 morningstar
Missiles
 h - 5 boomerangs (quivered)
 J - 5 curare-tipped darts
Armour
 c - a +0 ring mail of cold resistance
 l - a +2 pair of boots (worn)
 t - a +0 kite shield (worn)
 w - a +0 plate armour (worn)
 z - a +1 hat of willpower (worn)
 C - the +0 leather armour of Yhoutuwk {Harm rF+}
   (You found it on level 4 of the Dungeon)

   rF:        It protects you from fire.
   Harm:      It increases damage dealt and taken.
Jewellery
 e - an amulet of faith
 k - a ring of protection from cold (left hand)
 q - a ring of poison resistance (right hand)
Wands
 r - a wand of acid (12)
 x - a wand of polymorph (9)
Scrolls
 b - 2 scrolls of amnesia {unknown}
 d - 2 scrolls of acquirement
 f - 7 scrolls of blinking
 i - a scroll of silence {unknown}
 m - 2 scrolls of teleportation {unknown}
 p - 2 scrolls of immolation {unknown}
 s - a scroll of poison {unknown}
 u - a scroll of torment {unknown}
 y - 4 scrolls of enchant armour {unknown}
 F - a scroll of enchant weapon {unknown}
 H - a scroll of fear {unknown}
Potions
 j - 5 potions of flight
 n - 2 potions of magic {unknown}
 o - 3 potions of heal wounds
 v - 3 potions of curing
 A - a potion of haste {unknown}
 B - a potion of resistance {unknown}
 G - a potion of lignification {unknown}
 I - a potion of attraction {unknown}


   Skills:
 * Level 8.2 Fighting
 * Level 0.6(6.6) Axes
 * Level 10.6 Maces & Flails
 * Level 7.3 Throwing
 + Level 7.0 Armour
 + Level 0.6 Dodging
 + Level 0.1 Stealth
 + Level 5.7 Shields


You had 9 spell levels left.
You didn't know any spells.
Your spell library was empty.

Dungeon Overview and Level Annotations

Branches:
Dungeon (7/15)             Temple (0/1) D:7           Sewer (visited)
 Bailey (1/1)

Altars:
Ru


Innate Abilities, Weirdness & Mutations

You have a pair of horns on your head.
You reflexively headbutt those who attack you in melee.


Message History

You hit the kobold demonologist. You burn the kobold demonologist.
The kobold demonologist is almost dead.
You block the red devil's attack.
The kobold demonologist hits you with a +0 war axe.
You hit the kobold demonologist but do no damage.
The kobold demonologist is almost dead.
The red devil hits you from afar with a +0 demon trident.
Barbed spikes become lodged in your body.
The kobold demonologist hits you but does no damage.
You barely miss the kobold demonologist.
The kobold demonologist is almost dead.
The red devil hits you from afar with a +0 demon trident!
* * * LOW HITPOINT WARNING * * *
Barbed spikes become lodged in your body.
The kobold demonologist barely misses you.
You furiously retaliate!
You headbutt the kobold demonologist, but do no damage.
You closely miss the kobold demonologist.
The kobold demonologist is almost dead.
The red devil hits you from afar with a +0 demon trident.
* * * LOW HITPOINT WARNING * * *
Barbed spikes become lodged in your body.
The kobold demonologist mumbles some strange words.
You hit the kobold demonologist but do no damage.
Your headbutt misses the kobold demonologist.
The kobold demonologist is almost dead.
You block the red devil's attack.
The kobold demonologist hits you with a +0 war axe.
* * * LOW HITPOINT WARNING * * *
The red devil hits you from afar with a +0 demon trident!
* * * LOW HITPOINT WARNING * * *
Barbed spikes become lodged in your body.
You barely miss the kobold demonologist.
Your headbutt misses the kobold demonologist.
The kobold demonologist is almost dead.
You hit the smoke demon but do no damage.
You block the kobold demonologist's attack.
The smoke demon gestures at you. Something smites you!
You die...

≈≈≈≈~.#..'.# )'....#......#.~≈≈≈≈
≈≈≈≈~.#..# #....#......#.~≈≈≈≈
≈≈≈≈~.#..# #....#####++#.~≈≈≈≈
≈≈≈≈~.#########....##.....#.~≈≈≈≈
≈≈≈≈~.#..8.8..#....##.....'......
≈≈≈≈~∩..).....'._..##..⌠..)......
≈≈≈≈~.#..8.8..#4...##.....)......
≈≈≈≈~)#########.K..##.....#.~≈≈≈≈
≈≈≈≈~.#..#.'..#.@3.#####)'#.~≈≈≈≈
≈≈≈≈~)#..#.#[[#....#......#.~≈≈≈≈
≈≈≈≈~.#..'.#[['....#......#.~≈≈≈≈
≈≈≈≈#.##############.).######≈≈≈≈
≈≈≈≈#....#...).))8.8.8.#....#≈≈≈≈
≈≈≈≈#....'.....#)......#....#≈≈≈≈
≈≈≈≈#'#..###############..#'# ≈≈≈
#.#..'..)..........)..#.# ≈≈
######~~~~~~~~~~~÷)######


You could see a kobold demonologist, a smoke demon (summoned) and a red devil
(summoned).

Vanquished Creatures
  An orc knight (Bailey)
  A kobold demonologist (Bailey)
  A shadow (D:6)
  Sigmund (D:6)
  9 orc warriors (Bailey)
  2 black bears
  2 ogres (D:5)
  A phantom (D:6)
  A kobold brigand (D:7)
  4 scorpions
  2 necrophages
  5 wights (D:6)
  A jelly (D:5)
  3 electric eels (Bailey)
  A howler monkey (D:6)
  An orc priest (D:6)
  4 hounds
  A gnoll bouda (D:6)
  3 orc wizards (D:7)
  4 iguanas
  8 gnolls
  11 adders
  2 river rats (Sewer)
  A shadow imp (D:5)
  A white imp (D:6)
  A dart slug (D:4)
  17 orcs
  6 ball pythons
  7 bats
  6 endoplasms
  3 giant cockroaches (D:4)
  9 goblins
  6 hobgoblins
  7 jackals (D:2)
  14 kobolds
  5 quokkas
  6 frilled lizards
  5 rats
163 creatures vanquished.

Vanquished Creatures (others)
  An orc wizard (D:7)
1 creature vanquished.

Grand Total: 164 creatures vanquished

Notes
Turn   | Place    | Note
-------+----------+-------------------------------------------
     0 | D:1      | BlackCrag the Minotaur Fighter began the quest for the Orb.
     0 | D:1      | Reached XP level 1. HP: 19/19 MP: 0/0
   274 | D:1      | Found a faded altar of an unknown god.
   279 | D:1      | Reached XP level 2. HP: 27/27 MP: 1/1
   636 | D:2      | Reached XP level 3. HP: 34/34 MP: 2/2
   809 | D:2      | Reached skill level 3 in Maces & Flails
  1433 | D:3      | Reached XP level 4. HP: 41/41 MP: 3/3
  1739 | D:3      | Found a sacrificial altar of Ru.
  2063 | D:4      | Noticed a scorpion
  2072 | D:4      | Killed a scorpion
  2073 | D:4      | Reached skill level 4 in Maces & Flails
  2073 | D:4      | Reached XP level 5. HP: 41/47 MP: 4/4
  2338 | D:4      | Identified the +0 leather armour of Yhoutuwk {Harm rF+}
  2370 | D:4      | Found a glowing drain.
  2379 | Sewer    | Entered a sewer
  2521 | Sewer    | Reached skill level 5 in Maces & Flails
  2562 | Sewer    | Reached skill level 5 in Fighting
  2867 | D:5      | Entered Level 5 of the Dungeon
  2871 | D:5      | Noticed a black bear
  2877 | D:5      | Killed a black bear
  2878 | D:5      | Reached XP level 6. HP: 56/56 MP: 5/5
  2907 | D:5      | Reached skill level 6 in Maces & Flails
  3297 | D:5      | Reached skill level 1 in Throwing
  3318 | D:5      | Reached XP level 7. HP: 52/63 MP: 6/6
  3787 | D:5      | Reached skill level 5 in Shields
  3834 | D:5      | Reached skill level 7 in Maces & Flails
  3834 | D:5      | Reached skill level 5 in Armour
  3938 | D:6      | Reached XP level 8. HP: 31/70 MP: 7/7
  4512 | D:6      | Noticed Sigmund
  4529 | D:6      | Killed Sigmund
  4530 | D:6      | Reached skill level 8 in Maces & Flails
  4640 | D:6      | Reached skill level 5 in Throwing
  4816 | D:6      | Reached XP level 9. HP: 79/79 MP: 8/8
  4933 | D:7      | Found a flagged portal.
  4967 | D:7      | Reached skill level 9 in Maces & Flails
  4984 | Bailey   | Entered a bailey
  5164 | Bailey   | Noticed an orc knight
  5176 | Bailey   | HP: 1/79 [orc knight/+0 war axe (8)]
  5185 | Bailey   | Killed an orc knight
  5186 | Bailey   | Reached skill level 10 in Maces & Flails
  6252 | Bailey   | Identified the +4 hand axe of Unpleasantness {flame,
                  | *Corrode rElec rN+ Int+5}
  6258 | Bailey   | Noticed a kobold demonologist
  6266 | Bailey   | Noticed a sun demon
  6274 | Bailey   | Noticed a soul eater
  6275 | Bailey   | Killed a kobold demonologist
  6533 | Bailey   | Identified the +3 robe of Makhleb, Muttering {+Blink}
  6533 | Bailey   | Noticed a kobold demonologist
  6613 | Bailey   | Reached XP level 10. HP: 60/88 MP: 9/9
  6764 | Bailey   | Found an iron altar of Okawaru.
  6820 | Bailey   | Noticed a smoke demon
  6820 | Bailey   | HP: 2/88 [red devil/+0 demon trident[a kobold demonologist]
                  | (17)]
  6821 | Bailey   | Killed from afar by a smoke demon

Illustrated notes

Levels and vault maps discovered:
D:1:      saegor_arrival_miasma, layout_rooms,
          shapermc_ecumenical_altar_notcrosses
D:2:      layout_loops_ring
D:3:      layout_basic, lemuel_tele_altar
D:4:      layout_loops_ring, portal_sewer_entry_d, minmay_crystal_room
D:5:      layout_basic, serial_glass, glass_columns_b, glass_columns_a
D:6:      layout_basic, uniq_sigmund
D:7:      layout_rooms, minmay_temple_entry_glassed_door, enter_bailey_6,
          serial_bayou_lagoon_a
Bailey:   bailey_axe_of_yendor_kennysheep, bailey

Skill      XL: |  1  2  3  4  5  6  7  8  9 |
---------------+----------------------------+-----
Fighting       | 4 5 6 7 8 |  8.2
Armour         | 4 5 6 7 |  7.0
Maces & Flails | 3 4 5 6 7 8 10 | 10.6
Shields        | 4 5 |  5.7
Throwing       | 1 3 5 7 |  7.3
Axes           | |  0.6
Dodging        | |  0.6
Stealth        | |  0.1

Action                   |  1- 3 |  4- 6 |  7- 9 | 10-12 || total
-------------------------+-------+-------+-------+-------++-------
Melee: Flail             |    90 |   113 |    38 |       ||   241
       Headbutt          |    13 |    13 |    31 |       ||    57
       Dire flail        |       |       |    84 |       ||    84
       Morningstar       |       |       |    59 |       ||    59
       Hand axe          |       |       |    23 |    15 ||    38
Throw: Boomerang         |     5 |    12 |    96 |       ||   113
Evoke: Wand              |       |       |     1 |       ||     1
  Use: Scroll            |       |     9 |     1 |       ||    10
       Potion            |       |       |     4 |       ||     4
 Stab: Distracted        |       |     1 |       |       ||     1
Armor: Scale mail        |    29 |       |       |       ||    29
       Plate armour      |    32 |    72 |    91 |     2 ||   197
Dodge: Dodged            |    35 |    34 |    39 |     1 ||   109
Block: Buckler           |     9 |       |       |       ||     9
       Kite shield       |    32 |    63 |    33 |     6 ||   134
